Workbook
Name ListeIngrédients: #REF!
Name Référence: [1]Codex!#REF!
Name Total_€_kg: Feuil1!$E$17

Sheet Feuil1
A1: Crème pâtissière | E1: La maison du pain | H1: ★☆☆☆☆ | J1: Toutes saisons
A2: Ingrédients | B2: Qt de base en g | C2: % | D2: Qt m.oeuvre en g | E2: €/kg | F2: € total | G2: Dont TVA | H2: Porter le lait et le beurre à ébulition. Dans un cul de poule, mélanger le sucre et les œufs, puis ajouter l'amidon de maïs. Détendre la masse avec du lait chaud puis transvaser le tout dans la casserole. Porter de nouveau à ébulition.
A3: Lait | B3: 1000 | C3: =IFERROR(SUM(B3/B17*100),"") -> 64.102564 | D3: =IF(B18=TRUE, B3/_xlfn.XLOOKUP(C18, A3:A16, B3:B16)*D18, IFERROR(ROUND(SUM(B3/B17*D17),1),"")) -> 641 | E3: =IFERROR(VLOOKUP(A3,[3]Répertoire!A:D,4,0),"") -> 0.72 | F3: =IFERROR(SUM(D3/1000*E3),"") -> 0.46152 | G3: =IF(ISNUMBER(VLOOKUP(A3, [1]Codex!E:K, 7, FALSE)), IFERROR(VLOOKUP(A3, [1]Codex!E:K, 7, FALSE)/1000*D3, 0), 0) -> 0
A4: Beurre | B4: 50 | C4: =IFERROR(SUM(B4/B17*100),"") -> 3.2051282 | D4: =IF(B18=TRUE, B4/_xlfn.XLOOKUP(C18, A3:A16, B3:B16)*D18, IFERROR(ROUND(SUM(B4/B17*D17),1),"")) -> 32.1 | E4: =IFERROR(VLOOKUP(A4,[3]Répertoire!A:D,4,0),"") -> 7.6 | F4: =IFERROR(SUM(D4/1000*E4),"") -> 0.24396 | G4: =IF(ISNUMBER(VLOOKUP(A4, [1]Codex!E:K, 7, FALSE)), IFERROR(VLOOKUP(A4, [1]Codex!E:K, 7, FALSE)/1000*D4, 0), 0) -> 0
A5: Sucre | B5: 250 | C5: =IFERROR(SUM(B5/B17*100),"") -> 16.025641 | D5: =IF(B18=TRUE, B5/_xlfn.XLOOKUP(C18, A3:A16, B3:B16)*D18, IFERROR(ROUND(SUM(B5/B17*D17),1),"")) -> 160.3 | E5: =IFERROR(VLOOKUP(A5,[3]Répertoire!A:D,4,0),"") -> 0.63 | F5: =IFERROR(SUM(D5/1000*E5),"") -> 0.100989 | G5: =IF(ISNUMBER(VLOOKUP(A5, [1]Codex!E:K, 7, FALSE)), IFERROR(VLOOKUP(A5, [1]Codex!E:K, 7, FALSE)/1000*D5, 0), 0) -> 0
A6: Œufs | B6: 150 | C6: =IFERROR(SUM(B6/B17*100),"") -> 9.6153846 | D6: =IF(B18=TRUE, B6/_xlfn.XLOOKUP(C18, A3:A16, B3:B16)*D18, IFERROR(ROUND(SUM(B6/B17*D17),1),"")) -> 96.2 | E6: =IFERROR(VLOOKUP(A6,[3]Répertoire!A:D,4,0),"") -> 3.5 | F6: =IFERROR(SUM(D6/1000*E6),"") -> 0.3367 | G6: =IF(ISNUMBER(VLOOKUP(A6, [1]Codex!E:K, 7, FALSE)), IFERROR(VLOOKUP(A6, [1]Codex!E:K, 7, FALSE)/1000*D6, 0), 0) -> 0
A7: Amidon de maïs | B7: 110 | C7: =IFERROR(SUM(B7/B17*100),"") -> 7.0512821 | D7: =IF(B18=TRUE, B7/_xlfn.XLOOKUP(C18, A3:A16, B3:B16)*D18, IFERROR(ROUND(SUM(B7/B17*D17),1),"")) -> 70.5 | E7: =IFERROR(VLOOKUP(A7,[3]Répertoire!A:D,4,0),"") | F7: =IFERROR(SUM(D7/1000*E7),"") | G7: =IF(ISNUMBER(VLOOKUP(A7, [1]Codex!E:K, 7, FALSE)), IFERROR(VLOOKUP(A7, [1]Codex!E:K, 7, FALSE)/1000*D7, 0), 0) -> 0
C8: =IFERROR(SUM(B8/B17*100),"") -> 0 | D8: =IF(B18=TRUE, B8/_xlfn.XLOOKUP(C18, A3:A16, B3:B16)*D18, IFERROR(ROUND(SUM(B8/B17*D17),1),"")) -> 0 | E8: =IFERROR(VLOOKUP(A8,[2]Répertoire!E:H,4,0),"") | F8: =IFERROR(SUM(D8/1000*E8),"") | G8: =IF(ISNUMBER(VLOOKUP(A8, [1]Codex!E:K, 7, FALSE)), IFERROR(VLOOKUP(A8, [1]Codex!E:K, 7, FALSE)/1000*D8, 0), 0) -> 0
C9: =IFERROR(SUM(B9/B17*100),"") -> 0 | D9: =IF(B18=TRUE, B9/_xlfn.XLOOKUP(C18, A3:A16, B3:B16)*D18, IFERROR(ROUND(SUM(B9/B17*D17),1),"")) -> 0 | E9: =IFERROR(VLOOKUP(A9,[2]Répertoire!E:H,4,0),"") | F9: =IFERROR(SUM(D9/1000*E9),"") | G9: =IF(ISNUMBER(VLOOKUP(A9, [1]Codex!E:K, 7, FALSE)), IFERROR(VLOOKUP(A9, [1]Codex!E:K, 7, FALSE)/1000*D9, 0), 0) -> 0
C10: =IFERROR(SUM(B10/B17*100),"") -> 0 | D10: =IF(B18=TRUE, B10/_xlfn.XLOOKUP(C18, A3:A16, B3:B16)*D18, IFERROR(ROUND(SUM(B10/B17*D17),1),"")) -> 0 | E10: =IFERROR(VLOOKUP(A10,[2]Répertoire!E:H,4,0),"") | F10: =IFERROR(SUM(D10/1000*E10),"") | G10: =IF(ISNUMBER(VLOOKUP(A10, [1]Codex!E:K, 7, FALSE)), IFERROR(VLOOKUP(A10, [1]Codex!E:K, 7, FALSE)/1000*D10, 0), 0) -> 0
C11: =IFERROR(SUM(B11/B17*100),"") -> 0 | D11: =IF(B18=TRUE, B11/_xlfn.XLOOKUP(C18, A3:A16, B3:B16)*D18, IFERROR(ROUND(SUM(B11/B17*D17),1),"")) -> 0 | E11: =IFERROR(VLOOKUP(A11,[2]Répertoire!E:H,4,0),"") | F11: =IFERROR(SUM(D11/1000*E11),"") | G11: =IF(ISNUMBER(VLOOKUP(A11, [1]Codex!E:K, 7, FALSE)), IFERROR(VLOOKUP(A11, [1]Codex!E:K, 7, FALSE)/1000*D11, 0), 0) -> 0
C12: =IFERROR(SUM(B12/B17*100),"") -> 0 | D12: =IF(B18=TRUE, B12/_xlfn.XLOOKUP(C18, A3:A16, B3:B16)*D18, IFERROR(ROUND(SUM(B12/B17*D17),1),"")) -> 0 | E12: =IFERROR(VLOOKUP(A12,[2]Répertoire!E:H,4,0),"") | F12: =IFERROR(SUM(D12/1000*E12),"") | G12: =IF(ISNUMBER(VLOOKUP(A12, [1]Codex!E:K, 7, FALSE)), IFERROR(VLOOKUP(A12, [1]Codex!E:K, 7, FALSE)/1000*D12, 0), 0) -> 0
C13: =IFERROR(SUM(B13/B17*100),"") -> 0 | D13: =IF(B18=TRUE, B13/_xlfn.XLOOKUP(C18, A3:A16, B3:B16)*D18, IFERROR(ROUND(SUM(B13/B17*D17),1),"")) -> 0 | E13: =IFERROR(VLOOKUP(A13,[2]Répertoire!E:H,4,0),"") | F13: =IFERROR(SUM(D13/1000*E13),"") | G13: =IF(ISNUMBER(VLOOKUP(A13, [1]Codex!E:K, 7, FALSE)), IFERROR(VLOOKUP(A13, [1]Codex!E:K, 7, FALSE)/1000*D13, 0), 0) -> 0
C14: =IFERROR(SUM(B14/B17*100),"") -> 0 | D14: =IF(B18=TRUE, B14/_xlfn.XLOOKUP(C18, A3:A16, B3:B16)*D18, IFERROR(ROUND(SUM(B14/B17*D17),1),"")) -> 0 | E14: =IFERROR(VLOOKUP(A14,[2]Répertoire!E:H,4,0),"") | F14: =IFERROR(SUM(D14/1000*E14),"") | G14: =IF(ISNUMBER(VLOOKUP(A14, [1]Codex!E:K, 7, FALSE)), IFERROR(VLOOKUP(A14, [1]Codex!E:K, 7, FALSE)/1000*D14, 0), 0) -> 0
C15: =IFERROR(SUM(B15/B17*100),"") -> 0 | D15: =IF(B18=TRUE, B15/_xlfn.XLOOKUP(C18, A3:A16, B3:B16)*D18, IFERROR(ROUND(SUM(B15/B17*D17),1),"")) -> 0 | E15: =IFERROR(VLOOKUP(A15,[2]Répertoire!E:H,4,0),"") | F15: =IFERROR(SUM(D15/1000*E15),"") | G15: =IF(ISNUMBER(VLOOKUP(A15, [1]Codex!E:K, 7, FALSE)), IFERROR(VLOOKUP(A15, [1]Codex!E:K, 7, FALSE)/1000*D15, 0), 0) -> 0
C16: =IFERROR(SUM(B16/B17*100),"") -> 0 | D16: =IF(B18=TRUE, B16/_xlfn.XLOOKUP(C18, A3:A16, B3:B16)*D18, IFERROR(ROUND(SUM(B16/B17*D17),1),"")) -> 0 | E16: =IFERROR(VLOOKUP(A16,[2]Répertoire!E:H,4,0),"") | F16: =IFERROR(SUM(D16/1000*E16),"") | G16: =IF(ISNUMBER(VLOOKUP(A16, [1]Codex!E:K, 7, FALSE)), IFERROR(VLOOKUP(A16, [1]Codex!E:K, 7, FALSE)/1000*D16, 0), 0) -> 0
A17: Total de production | B17: =SUM(B3:B13) -> 1560 | C17: =SUM(C3:C16) -> 100 | D17: 1000 | E17: =SUM(F17/D17*1000) -> 1.143169 | F17: =SUM(F3:F16) -> 1.143169 | G17: =SUM(G3:G16) -> 0
A18: Par ingrédient | B18: FALSE | C18: Crème pâtissière | D18: 2000 | E18: Allergènes présent | G18: {=IFERROR(_xlfn.TEXTJOIN("; ", TRUE, _xlfn.UNIQUE(_xlfn._xlws.FILTER([1]Codex!O2:O500, ISNUMBER(MATCH([1]Codex!E2:E500, A3:A16, 0))))),"")} -> Lactose; Ovoproduit
A19: Masse/Unité | C19: Prix de prod unit | E19: =SUM(F17/D17*B19) -> 0 | H19: Coefficient | J19: Prix de vente après coef | K19: =SUM(E19*I19) -> 0
A20: Prix de vente conseillé | B20: 0 | C20: Bénéfice unitaire | E20: =SUM(B20-E19)-(F17/D17*B19) -> 0 | F20: Bénéfice de production | H20: =SUM(E20*(D17/B19)) -> #DIV/0! | I20: Indice de rentabilité | K20: =IF(ISNUMBER(B20)*ISNUMBER(K19)*(K19<>0), ROUND(B20/K19*100, 1), 0) -> 0
A21: DLC | B21: 3 | C21: Lieux de conservation | E21: +4°C | F21: Date de production | H21: =TODAY() -> 45656 | I21: Date de péremption | K21: =H21+B21 -> 45659
